AoeStats
← Petali

MegaRandom

508954686Analyzed
2v2 RM · 9d ago on Sep 24, 2026· 59m 47s· 4 players
Game mode
Random Map
Map size
Medium (4 player)
Population
200
Speed
Normal
Resources
Standard
Victory
Conquest
Starting age
Dark Age
Ending age
Imperial Age
RankedLock teamsTeams togetherTeam positionsShared explorationLock speedFull tech treeHidden civsTurbo modeCheats
Victory
Defeat
🇬🇷 Cumans · Greece
741
+17
🇬🇷 Slavs · Greece
714
+18
🇧🇷 Hindustanis · Brazil
772
-46
🇹🇷 Khmer · Türkiye
758
-17
Drogoth
5:14 Loom
9:27 Feudal Age
14:42 Wheelbarrow
18:31 Castle Age
16:31 Double-Bit Axe
16:34 Horse Collar
17:24 Double-Bit Axe
19:26 Heavy Plow
19:46 Stone Mining
26:01 Scale Mail Armor
26:10 Man-at-Arms
27:11 Squires
27:06 Gold Mining
28:03 Long Swordsman
30:29 Gold Shaft Mining
30:40 Bow Saw
31:48 Chain Mail Armor
33:01 Hand Cart
32:32 Town Watch
33:14 Forging
36:45 Scale Barding Armor
37:17 Iron Casting
44:01 Imperial Age
42:18 Chain Barding Armor
42:09 Husbandry
42:23 Bloodlines
43:17 Caravan
45:34 Druzhina
45:57 Conscription
45:52 Capped Ram
47:27 Plate Mail Armor
46:35 Two-Handed Swordsman
48:11 Crop Rotation
49:07 Two-Man Saw
47:44 Pikeman
47:52 Champion
49:14 Masonry
50:51 Plate Barding Armor
51:17 Blast Furnace
50:10 Fletching
52:28 Chemistry
51:27 Halberdier
52:43 Clinker Construction
57:41 Onager
59:15 Siege Onager
Petali
1:07 Loom
9:58 Feudal Age
13:31 Horse Collar
13:41 Double-Bit Axe
22:07 Castle Age
20:07 Stone Mining
21:24 Wheelbarrow
21:26 Gold Mining
26:36 Ballistics
26:12 Murder Holes
26:42 Hand Cart
29:49 Heavy Plow
36:24 Imperial Age
34:56 Padded Archer Armor
35:54 Caravan
38:16 Chemistry
38:09 Masonry
38:45 Leather Archer Armor
39:24 Conscription
39:33 Steppe Husbandry
39:49 Fletching
41:28 Ring Archer Armor
41:32 Bodkin Arrow
41:48 Forging
43:23 Scale Barding Armor
43:25 Thumb Ring
50:50 Elite Kipchak
V7DRAK
14:41 Feudal Age
15:59 Wheelbarrow
15:10 Town Watch
15:12 Loom
20:24 Double-Bit Axe
23:45 Castle Age
22:06 Horse Collar
22:31 Gold Mining
23:58 Fishing Lines
24:38 Medium Warships
23:49 Demolition Ship
24:58 Hand Cart
24:43 Town Patrol
25:07 Gillnets
25:53 Bow Saw
30:31 Heavy Plow
31:21 Gold Shaft Mining
37:42 Imperial Age
39:36 Scale Barding Armor
39:31 Scale Mail Armor
39:32 Padded Archer Armor
39:23 Fletching
39:43 Forging
40:31 Heavy Warships
40:28 Block Printing
40:38 Illumination
40:14 Devotion
40:50 Theocracy
40:10 Herbal Medicine
40:26 Redemption
40:39 Sanctity
40:31 Fervor
39:48 Man-at-Arms
39:48 Pikeman
40:29 Squires
40:15 Arson
40:00 Light Cavalry
40:41 Husbandry
41:57 Two-Man Saw
40:51 Stone Mining
41:23 Hussar
42:13 Bloodlines
46:00 Heavy Camel Rider
49:31 Imperial Camel Rider
53:17 Iron Casting
52:57 Chain Mail Armor
55:14 Elite Ghulam
56:15 Conscription
Valar Dohaeris
0:28 Loom
10:58 Feudal Age
18:15 Castle Age
16:27 Double-Bit Axe
16:33 Horse Collar
22:38 Gold Mining
25:03 Wheelbarrow
24:15 Town Watch
24:39 Heavy Plow
25:12 Bow Saw
25:40 Light Cavalry
26:15 Pikeman
27:18 Fletching
32:57 Imperial Age
31:43 Scale Mail Armor
32:00 Forging
38:16 Conscription
40:05 Bodkin Arrow
42:03 Bloodlines
41:54 Husbandry
43:02 Stone Mining
43:40 Hand Cart
45:12 Crop Rotation
47:14 Stone Shaft Mining
47:34 Gold Shaft Mining
48:52 Elite Ballista Elephant
51:01 Double Crossbow
51:37 Elite Skirmisher
52:40 Ballistics
53:32 Chemistry
54:04 Bracer
54:05 Padded Archer Armor
Connection lost

Rejoining the realm…

Still unreachable

The connection could not be restored.

Session expired

The server has moved on; the page needs a fresh start.